AoeStats
← Governor

Arabia

510314017Analyzed
1v1 RM · 22h ago on Sep 30, 2026· 97m 18s· 2 players
Game mode
Random Map
Map size
Tiny (2 player)
Population
200
Speed
Normal
Resources
Standard
Victory
Conquest
Starting age
Dark Age
Ending age
Imperial Age
RankedLock teamsTeams togetherTeam positionsShared explorationLock speedFull tech treeHidden civsTurbo modeCheats
Victory
Defeat
🇨🇳 Vikings · China
294
+14
🇲🇽 Varangians · Mexico
260
-14
King zEvil7553
10:50 Feudal Age
9:06 Loom
12:25 Wheelbarrow
11:36 Loom
13:18 Double-Bit Axe
25:07 Castle Age
26:09 Gambesons
27:23 Horse Collar
28:51 Bloodlines
28:42 Husbandry
29:01 Forging
28:52 Scale Mail Armor
28:45 Vendel Legacy
31:50 Hand Cart
35:10 Scale Barding Armor
40:13 Murder Holes
46:25 Imperial Age
45:19 Bow Saw
55:42 Elite Varangian Guard
58:47 Heavy Plow
71:51 Fortified Wall
72:44 Chemistry
89:03 Cavalier
90:27 Arson
Governor
7:07 Loom
11:45 Feudal Age
12:21 Double-Bit Axe
12:19 Horse Collar
21:58 Stone Mining
22:00 Gold Mining
24:39 Castle Age
27:39 Scale Mail Armor
27:49 Forging
27:18 Pikeman
27:59 Squires
28:38 Chain Mail Armor
29:16 Crossbowman
29:59 Fletching
31:05 Heavy Plow
34:07 Bow Saw
36:21 Bodkin Arrow
38:00 Iron Casting
38:26 Gold Shaft Mining
42:00 Padded Archer Armor
46:11 Imperial Age
44:52 Ballistics
45:56 Chieftains
47:52 Leather Archer Armor
52:35 Arbalester
58:40 Bracer
59:15 Plate Mail Armor
58:27 Capped Ram
70:48 Siege Ram
Connection lost

Rejoining the realm…

Still unreachable

The connection could not be restored.

Session expired

The server has moved on; the page needs a fresh start.